 Dungeon Crawl Stone Soup version 0.27-a0-1502-g47ed6a6988 (webtiles) character file.

Game seed: 1172141493647314997

860 DocClef the Covert (level 8, -1/67 HPs)
             Began as a Gnoll Delver on July 8, 2021.
             Was a Follower of Okawaru.
             Succumbed to an orc's poison
             ... on level 5 of the Dungeon.
             The game lasted 00:07:39 (6210 turns).

DocClef the Covert (Gnoll Delver)                   Turns: 6210, Time: 00:07:39

Health: -1/67      AC:  9    Str: 19    XL:     8   Next: 2%
Magic:  12/12      EV:  9    Int:  9    God:    Okawaru [*.....]
Gold:   292        SH:  9    Dex: 15    Spells: 12/12 levels left

rFire    . . .     SeeInvis .   l - +0 morningstar
rCold    . . .     Faith    .   x - +0 kite shield
rNeg     + . .     Spirit   .   z - +0 scale mail
rPois    .         Reflect  .   p - +0 helmet
rElec    .         Harm     .   o - +0 cloak
rCorr    .         Rampage  .   (no gloves)
Will     .....                  (no boots)
Stlth    +++.......             (no amulet)
HPRegen  0.21/turn              w - +6 ring of strength
MPRegen  0.13/turn              s - ring of positive energy

@: mighty, lethally poisoned (-1 -> -16), hasted, very quick
A: fangs 1, strong nose, distributed training
a: Renounce Religion, Heroism


You were on level 5 of the Dungeon.
You worshipped Okawaru.
Okawaru was aware of your devotion.
You visited 2 branches of the dungeon, and saw 8 of its levels.

You collected 292 gold pieces.

Inventory:

Hand Weapons
 l - a +0 morningstar (weapon)
Missiles
 m - 9 javelins (quivered)
 u - a throwing net
Armour
 o - a +0 cloak (worn)
 p - a +0 helmet (worn)
 x - a +0 kite shield (worn)
 z - a +0 scale mail (worn)
Jewellery
 q - a ring of flight
 s - a ring of positive energy (right hand)
 t - a ring of magical power
 w - a +6 ring of strength (left hand)
Wands
 g - a wand of digging (3)
 r - a wand of flame (12)
Scrolls
 c - a scroll of fog
 d - 2 scrolls of magic mapping
 e - 3 scrolls of fear
 h - a scroll of torment {unknown}
 i - a scroll of enchant weapon {unknown}
 k - 3 scrolls of identify {unknown}
 n - 2 scrolls of blinking {unknown}
 y - a scroll of noise {unknown}
 A - a scroll of enchant armour {unknown}
Potions
 a - 2 potions of heal wounds {unknown}
 b - 2 potions of degeneration {unknown}
 f - a potion of haste
 j - a potion of might
 v - 2 potions of curing {unknown}


   Skills:
 + Level 7.2 Fighting
 + Level 2.8 Short Blades
 + Level 2.8 Long Blades
 + Level 2.8 Axes
 + Level 5.4 Maces & Flails
 + Level 2.8 Polearms
 + Level 2.8 Staves
 + Level 2.8 Slings
 + Level 2.8 Bows
 + Level 2.8 Crossbows
 + Level 2.8 Throwing
 + Level 2.8 Armour
 + Level 5.4 Dodging
 + Level 10.0 Stealth
 + Level 2.8 Shields
 + Level 2.8 Unarmed Combat
 + Level 2.8 Spellcasting
 + Level 2.3 Conjurations
 + Level 2.3 Hexes
 + Level 2.3 Summonings
 + Level 2.3 Necromancy
 + Level 2.3 Translocations
 + Level 2.3 Transmutations
 + Level 2.3 Fire Magic
 + Level 2.3 Ice Magic
 + Level 2.3 Air Magic
 + Level 2.3 Earth Magic
 + Level 2.3 Poison Magic
 + Level 3.1 Invocations
 + Level 2.8 Evocations


You had 12 spell levels left.
You didn't know any spells.
Your spell library contained the following spells:

 Spells                   Type           Power      Damage    Failure   Level
 Animate Skeleton         Necr           10%        N/A       86%         1
 Magic Dart               Conj           20%        1d4       86%         1
 Pain                     Necr           20%        1d5       86%         1
 Searing Ray              Conj           10%        3d3       95%         2
 Conjure Flame            Conj/Fire      5%         6-21      99%         3
 Ignite Poison            Fire/Tmut/Pois 5%         N/A       99%         3
 Vampiric Draining        Necr           2%         2d6       99%         3
 Fulminant Prism          Conj/Hex       2%         3d6       100%        4
 Sticky Flame             Conj/Fire      5%         2d3       100%        4


Dungeon Overview and Level Annotations

Branches:
Dungeon (7/15)             Temple (1/1) D:4

Altars:
Ashenzari
Cheibriados
Dithmenos
Elyvilon
Fedhas
Gozag
Hepliaklqana
Kikubaaqudgha
Makhleb
Nemelex Xobeh
Okawaru
Qazlal
Ru
Sif Muna
Trog
Uskayaw
Vehumet
Wu Jian
Xom
Yredelemnul
Zin


Innate Abilities, Weirdness & Mutations

You have very sharp teeth.
Your uncanny sense of smell can sniff out nearby items.
Your experience applies equally to all skills.


Message History

There are monsters nearby!
You block the orc priest's attack.
Found a falchion and 14 poisoned darts.
The orc priest hits you but does no damage.
You block the orc's attack.
You closely miss the orc priest. The orc hits you but does no damage.
You are poisoned.
The orc priest mumbles some strange prayers to Beogh against you.
Beogh smites you! The orc hits you with a +0 mace.
The orc hits you but does no damage. x2
The orc priest mumbles some strange prayers to Beogh against you.
Beogh smites you! The orc hits you with a +0 mace.
The orc hits you but does no damage.
You closely miss the orc priest.
You feel very sick.
The orc hits you with a +0 morningstar of venom.
You are more poisoned.
The orc priest calls down the wrath of Beogh upon you.
Beogh smites you!
* * * LOW HITPOINT WARNING * * *
You block the orc's attack. The orc hits you but does no damage.
You block the orc's attack.
You feel yourself speed up.
* * * LOW HITPOINT WARNING * * *
You feel very sick. The orc hits you but does no damage.
You are more poisoned.
You block the orc priest's attack. The orc hits you with a +0 dagger.
* * * LOW HITPOINT WARNING * * *
The orc hits you with a +0 mace.
* * * LOW HITPOINT WARNING * * *
The orc hits you but does no damage.
* * * LOW HITPOINT WARNING * * *
You feel very sick. You block the orc's attack.
The orc priest hits you but does no damage.
You block the orc's attack.
It was a potion of might.
You feel very mighty all of a sudden.
You die...

#...≈.....#...........#.
###.≈≈....#...........#+
#...≈.....#.......###...
#.........#.......###...
#....###...####..<......
#..........####.........
+.......o...............
#.......o..≈≈≈≈......#..
#.....@oo.≈............
#.....#o..≈≈≈≈.........
#.....#.......#+##.....
#.....#.......# #.....
#######.....#..).#### #.....
#.....'.....#.(..# #.....
####.##.....####.## #.....
#.###........... #.....
####.###.#.####.########.....


You could see an orc priest and 4 orcs.

Vanquished Creatures
  2 necrophages (D:4)
  2 ogres
  A phantom (D:5)
  A scorpion (D:5)
  2 hounds
  A bullfrog zombie (D:5)
  An orc priest (D:4)
  2 centaur skeletons
  An iguana (D:4)
  An orc wizard (D:4)
  A hound skeleton (D:2)
  Robin (D:2)
  3 gnolls (D:4)
  3 adders
  An ufetubus (D:6)
  A worm (D:2)
  5 orcs
  7 endoplasms
  4 giant cockroaches
  5 goblins
  5 hobgoblins
  6 jackals
  6 quokkas
  6 ball pythons
  5 bats
  3 frilled lizards
  9 kobolds
  3 rats
88 creatures vanquished.

Vanquished Creatures (others)
  A worm (D:2)
  An endoplasm (D:2)
  7 goblins (D:2)
  3 hobgoblins (D:2)
  A rat (D:2)
13 creatures vanquished.

Grand Total: 101 creatures vanquished

Notes
Turn   | Place    | Note
-------+----------+-------------------------------------------
     0 | D:5      | Reached skill level 9 in Stealth
     0 | D:5      | DocClef the Gnoll Delver began the quest for the Orb.
     0 | D:5      | Reached XP level 1. HP: 23/23 MP: 1/1
     6 | D:5      | Noticed a scorpion
    79 | D:6      | Reached XP level 2. HP: 13/29 MP: 2/2
   744 | D:6      | Noticed an ogre
   796 | D:7      | Noticed a wight
   872 | D:7      | Reached skill level 1 in Invocations
   872 | D:7      | Reached XP level 3. HP: 34/35 MP: 2/4
   931 | D:7      | Noticed a centaur
   989 | D:5      | Reached skill level 1 in Short Blades
   989 | D:5      | Reached skill level 1 in Long Blades
   989 | D:5      | Reached skill level 1 in Axes
   989 | D:5      | Reached skill level 1 in Polearms
   989 | D:5      | Reached skill level 1 in Staves
   989 | D:5      | Reached skill level 1 in Slings
   989 | D:5      | Reached skill level 1 in Bows
   989 | D:5      | Reached skill level 1 in Crossbows
   989 | D:5      | Reached skill level 1 in Throwing
   989 | D:5      | Reached skill level 1 in Armour
   989 | D:5      | Reached skill level 1 in Shields
   989 | D:5      | Reached skill level 1 in Unarmed Combat
   989 | D:5      | Reached skill level 1 in Spellcasting
   989 | D:5      | Reached skill level 1 in Evocations
   989 | D:5      | Reached XP level 4. HP: 27/41 MP: 5/5
  1098 | D:4      | Noticed a necrophage
  1110 | D:4      | Killed a necrophage
  1111 | D:4      | Reached skill level 1 in Conjurations
  1111 | D:4      | Reached skill level 1 in Hexes
  1111 | D:4      | Reached skill level 1 in Summonings
  1111 | D:4      | Reached skill level 1 in Necromancy
  1111 | D:4      | Reached skill level 1 in Translocations
  1111 | D:4      | Reached skill level 1 in Transmutations
  1111 | D:4      | Reached skill level 1 in Fire Magic
  1111 | D:4      | Reached skill level 1 in Ice Magic
  1111 | D:4      | Reached skill level 1 in Air Magic
  1111 | D:4      | Reached skill level 1 in Earth Magic
  1111 | D:4      | Reached skill level 1 in Poison Magic
  1111 | D:4      | Reached XP level 5. HP: 41/47 MP: 5/7
  1601 | D:2      | Noticed Robin
  1793 | D:1      | Found a faded altar of an unknown god.
  2390 | D:1      | Reached XP level 6. HP: 53/53 MP: 8/8
  2812 | D:2      | Killed Robin
  3781 | D:4      | Noticed a necrophage
  3798 | D:4      | Killed a necrophage
  3799 | D:4      | Reached skill level 5 in Maces & Flails
  3799 | D:4      | Reached skill level 5 in Dodging
  3970 | D:4      | Found a staircase to the Ecumenical Temple.
  4004 | Temple   | Entered the Ecumenical Temple
  4161 | Temple   | Became a worshipper of Warmaster Okawaru
  4390 | D:4      | Reached XP level 7. HP: 54/59 MP: 10/10
  4562 | D:4      | HP: 2/59 [ogre (10)]
  5961 | D:5      | Reached * piety under Okawaru
  6077 | D:5      | Reached skill level 10 in Stealth
  6077 | D:5      | Reached XP level 8. HP: 48/67 MP: 12/12
  6209 | D:5      | HP: 1/67 [poisoned by an orc]
  6210 | D:5      | Succumbed to an orc's poison

Illustrated notes

Levels and vault maps discovered:
D:1:      nzn_arrival_crosshair, layout_loops_ring,
          shapermc_ecumenical_altar_totnotflames
D:2:      layout_basic, nrook_uturn, lemuel_old_faithful, uniq_robin
D:3:      layout_loops_ring
D:4:      layout_basic, minmay_temple_entry_wispy
D:5:      layout_basic, serial_rivers, chequers_serial_rivers_micro_b,
          chequers_serial_rivers_small_b, chequers_serial_rivers_micro_e,
          chequers_serial_rivers_micro_d
D:6:      layout_basic
D:7:      layout_basic
Temple:   kilobyte_greek_temple

Skill      XL: |  1  2  3  4  5  6  7 |
---------------+----------------------+-----
Stealth        | 10 | 10.0
Invocations    | 1 2 3 |  3.1
Short Blades   | 1 2 |  2.8
Long Blades    | 1 2 |  2.8
Axes           | 1 2 |  2.8
Polearms       | 1 2 |  2.8
Staves         | 1 2 |  2.8
Slings         | 1 2 |  2.8
Bows           | 1 2 |  2.8
Crossbows      | 1 2 |  2.8
Throwing       | 1 2 |  2.8
Armour         | 1 2 |  2.8
Shields        | 1 2 |  2.8
Unarmed Combat | 1 2 |  2.8
Spellcasting   | 1 2 |  2.8
Evocations     | 1 2 |  2.8
Conjurations   | 1 2 |  2.3
Hexes          | 1 2 |  2.3
Summonings     | 1 2 |  2.3
Necromancy     | 1 2 |  2.3
Translocations | 1 2 |  2.3
Transmutations | 1 2 |  2.3
Fire Magic     | 1 2 |  2.3
Ice Magic      | 1 2 |  2.3
Air Magic      | 1 2 |  2.3
Earth Magic    | 1 2 |  2.3
Poison Magic   | 1 2 |  2.3
Maces & Flails | 5 |  5.4
Dodging        | 5 |  5.4
Fighting       | 7 |  7.2

Action                   |  1- 3 |  4- 6 |  7- 9 || total
-------------------------+-------+-------+-------++-------
Melee: Mace              |    29 |       |       ||    29
       Morningstar       |    16 |   157 |    56 ||   229
       Bite              |     4 |    10 |     7 ||    21
  Use: Potion            |       |       |     2 ||     2
 Stab: Sleeping          |     1 |    34 |     4 ||    39
       Distracted        |       |     1 |       ||     1
Armor: Leather armour    |    12 |    35 |    13 ||    60
       Scale mail        |       |       |    13 ||    13
Dodge: Dodged            |    48 |   113 |    34 ||   195
Block: Kite shield       |       |       |    19 ||    19

Table legend: (Time is in decaauts)
 A = Elapsed time spent in this place.
 B = Non-inter-level travel time spent in this place.
 C = Inter-level travel time spent in this place.
 D = Time resting spent in this place.
 E = Time spent auto-exploring this place.
 F = Levels seen in this place.
 G = Mean time per level.
                   A        B        C        D        E       F      G
               +--------+--------+--------+--------+--------+-----+--------+
         Total |   6281 |   6010 |    271 |   1134 |   3979 |   8 |  785.1 |
       Dungeon |   6092 |   5852 |    240 |   1134 |   3826 |   7 |  870.3 |
        Temple |    189 |    158 |     31 |      0 |    153 |   1 |  189.0 |
               +--------+--------+--------+--------+--------+-----+--------+

Top non-repeatable levels by time:
     D:4: 1745 daAuts
     D:2: 939 daAuts
     D:1: 883 daAuts
     D:5: 860 daAuts
     D:6: 846 daAuts
     D:3: 692 daAuts
  Temple: 189 daAuts
     D:7: 124 daAuts
